 Dungeon Crawl Stone Soup version 0.19.5 (webtiles) character file.

68 Kalash the Shooter (level 4, -6/29 HPs)
             Began as a High Elf Hunter on Apr 28, 2017.
             Mangled by a worm (11 damage)
             ... on level 2 of the Dungeon.
             The game lasted 00:04:22 (2108 turns).

Kalash the Shooter (High Elf Hunter)                Turns: 2108, Time: 00:04:23

Health: -6/29      AC:  4    Str: 11    XL:     4   Next: 1%
Magic:  5/5        EV: 12    Int: 14    God:
Gold:   127        SH:  0    Dex: 17    Spells: 0 memorised, 3 levels left

rFire  . . .     SeeInvis .     r - +0 scimitar
rCold  . . .     Gourm    .     c - +0 leather armour
rNeg   . . .     Faith    .     (no shield)
rPois  .         Spirit   .     (no helmet)
rElec  .         Reflect  .     n - +0 cloak
rCorr  .         Harm     .     (no gloves)
MR     .....                    (no boots)
Stlth  ++........               (no amulet)
                                (no ring)
                                (no ring)

@: lethally poisoned (-6 -> -8), starving
A: no striking features
a: no special abilities


You were on level 2 of the Dungeon.
You were starving.

You visited 1 branch of the dungeon, and saw 2 of its levels.

You collected 127 gold pieces.

Inventory:

Hand Weapons
 a - a +1 shortbow
 b - a +0 short sword
 m - a +1 short sword of draining
 r - a +0 scimitar (weapon)
Missiles
 d - 10 arrows
Armour
 c - a +0 leather armour (worn)
 n - a +0 cloak (worn)
Scrolls
 e - 10 scrolls of identify {unknown}
 k - a scroll of immolation {unknown}
 l - a scroll of amnesia {unknown}
 o - 2 scrolls of teleportation {unknown}
 q - a scroll of fog {unknown}
 s - a scroll of blinking {unknown}
 t - a scroll of recharging {unknown}
Potions
 g - a potion of cancellation {unknown}
 h - a potion of resistance {unknown}
 i - 2 potions of brilliance {unknown}
 j - a potion of flight {unknown}
Comestibles
 f - a bread ration
 p - a royal jelly


   Skills:
 - Level 2.0 Fighting
 - Level 3.1(3.2) Short Blades
 + Level 0.8(2.1) Long Blades
 + Level 5.4 Bows
 - Level 2.1 Dodging
 + Level 2.7 Stealth


You had 3 spell levels left.
You didn't know any spells.

Dungeon Overview and Level Annotations

Branches:
Dungeon (2/15)

Altars:
Okawaru
Uskayaw


Message History

The adder misses you. The adder closely misses you.
The worm closely misses you.
You hit the adder but do no damage.
The adder is almost dead.
The adder bites you but does no damage. The worm bites you!
The adder closely misses you.
You riposte.
You closely miss the adder.
The adder is almost dead.
You hit the adder.
The adder is almost dead.
You feel sick. The adder closely misses you. The worm bites you!
* * * LOW HITPOINT WARNING * * *
You closely miss the adder.
The adder is almost dead.
The adder bites you.
* * * LOW HITPOINT WARNING * * *
The adder barely misses you.
You miss the adder.
The adder is almost dead.
The adder closely misses you. The worm bites you!
You die...

#### ## #.. .# #
### #(# .#
#####.#.######.#
(## ####
#.....S@w.(....#
(. ...#
#.###.#.#####..#
(# ##.# .....
### #..(#####.#
#.# #.##
##..(.(.((# #.#
#.# ##.#######
#.# #####.####
#.# #.#
#........# #.#
#.# #.###.##.#
##'## #.# #.#
#.##.# ##...##


You could see a worm and an adder.

Vanquished Creatures
  An adder (D:2)
  2 dart slugs
  A leopard gecko (D:2)
  2 ball pythons (D:2)
  3 bats
  5 giant cockroaches
  7 goblins
  6 hobgoblins
  7 jackals (D:1)
  8 kobolds
  A quokka (D:2)
  2 frilled lizards
  4 rats
49 creatures vanquished.

Notes
Turn   | Place    | Note
-------+----------+-------------------------------------------
     0 | D:1      | Kalash the High Elf Hunter began the quest for the Orb.
     0 | D:1      | Reached XP level 1. HP: 14/14 MP: 2/2
    59 | D:1      | Reached skill level 1 in Short Blades
   358 | D:1      | Reached XP level 2. HP: 19/19 MP: 3/3
   846 | D:1      | Reached XP level 3. HP: 24/24 MP: 4/4
  1368 | D:2      | Found an iron altar of Okawaru.
  1609 | D:2      | Noticed a hand axe
  1609 | D:2      | Noticed a hand axe
  1610 | D:2      | Found a hide-covered altar of Uskayaw.
  2066 | D:2      | Reached XP level 4. HP: 29/29 MP: 5/5
  2108 | D:2      | Mangled by a worm

Skill      XL: |  1  2  3 |
---------------+----------+-----
Short Blades   | 1 2 3 |  3.1
Stealth        | 2 |  2.7
Fighting       | |  2.0
Long Blades    | |  0.8
Bows           | |  5.4
Dodging        | |  2.1

Action                   |  1- 3 |  4- 6 || total
-------------------------+-------+-------++-------
Melee: Short sword       |    44 |       ||    44
       Scimitar          |    13 |     9 ||    22
 Fire: Shortbow          |    83 |    12 ||    95
  Eat: Pizza             |     1 |       ||     1
Armor: Leather armour    |    22 |     2 ||    24
Dodge: Dodged            |    48 |    15 ||    63
       Rpst.: Scimitar   |     1 |     4 ||     5
